 Dungeon Crawl Stone Soup version 0.28.0-1-gb440e238dd (webtiles) character file.

Game seed: 17816955145912586970

7200 Peloso the Carver (level 10, -4/91 HPs)
             Began as a Minotaur Fighter on Feb 25, 2022.
             Was a High Priest of Okawaru.
             Slain by Harold (23 damage)
             ... on level 10 of the Dungeon.
             The game lasted 00:15:59 (11191 turns).

Peloso the Carver (Minotaur Fighter)               Turns: 11191, Time: 00:16:00

Health: -4/91      AC: 12    Str: 23    XL:     10   Next: 87%
Magic:  10/10      EV: 13    Int:  5    God:    Okawaru [*****.]
Gold:   497        SH:  6    Dex: 12    Spells: 9/9 levels left

rFire   + . .      SeeInvis .   a - +2 long sword (vorpal)
rCold   + . .      Faith    .   c - +0 buckler
rNeg    . . .      Spirit   .   t - quicksilver dragon scales
rPois   .          Reflect  .   (helmet restricted)
rElec   .          Harm     .   n - scarf {rC+ rF+}
rCorr   .          Rampage  .   (no gloves)
Will    ++...                   (no boots)
Stlth   +.........              (no amulet)
HPRegen 0.25/turn               l - ring of willpower
MPRegen 0.12/turn               (no ring)

@: no status effects
A: horns 2, retaliatory headbutt
a: Renounce Religion, Heroism, Finesse, Duel


You were on level 10 of the Dungeon.
You worshipped Okawaru.
Okawaru was extremely pleased with you.
You visited 2 branches of the dungeon, and saw 11 of its levels.
You also visited: Sewer.

You collected 497 gold pieces.

Inventory:

Hand Weapons
 a - a +2 vorpal long sword (weapon)
 b - a +2 hand axe of flaming
Missiles
 v - a throwing net (quivered)
Armour
 c - a +0 buckler (worn)
 n - a scarf of resistance (worn)
 r - a +1 plate armour
 t - quicksilver dragon scales (worn)
Jewellery
 l - a ring of willpower (left hand)
 w - an amulet of magic regeneration
 y - a ring of willpower
 B - a +6 ring of strength
Wands
 p - a wand of flame (23)
 E - a wand of paralysis (6)
 F - a wand of polymorph (8)
 H - a wand of mindburst (7)
Scrolls
 e - 2 scrolls of enchant armour
 f - 2 scrolls of magic mapping
 g - 5 scrolls of noise
 h - a scroll of fog
 i - 3 scrolls of enchant weapon
 j - 3 scrolls of teleportation {unknown}
 o - 5 scrolls of immolation {unknown}
 s - a scroll of amnesia {unknown}
 x - a scroll of torment {unknown}
Potions
 d - 3 potions of might
 k - 5 potions of flight
 q - a potion of haste
 u - 2 potions of brilliance
 A - a potion of heal wounds
 C - a potion of magic
 D - a potion of invisibility
 G - a potion of ambrosia


   Skills:
 + Level 9.4 Fighting
 + Level 12.4 Long Blades
 + Level 9.0 Armour
 + Level 6.3 Dodging
 + Level 1.8 Stealth
 + Level 7.9 Shields
 + Level 1.6 Invocations


You had 9 spell levels left.
You didn't know any spells.
Your spell library contained the following spells:

 Spells                   Type           Power      Damage    Failure   Level
 Sandblast                Erth           0%         2d4       69%         1
 Blink                    Tloc           0%         N/A       83%         2
 Ensorcelled Hibernation  Hex/Ice        0%         N/A       83%         2
 Passwall                 Tmut/Erth      0%         N/A       83%         2
 Conjure Flame            Conj/Fire      0%         6-21      96%         3
 Dazzling Flash           Conj/Hex       0%         N/A       96%         3
 Frozen Ramparts          Ice            0%         1d2       96%         3
 Ignite Poison            Fire/Tmut/Pois 0%         N/A       96%         3
 Lesser Beckoning         Tloc           0%         N/A       96%         3
 Spider Form              Tmut/Pois      0%         N/A       96%         3
 Stone Arrow              Conj/Erth      0%         3d7       96%         3
 Anguish                  Hex/Necr       0%         N/A       100%        4
 Ice Form                 Ice/Tmut       0%         N/A       100%        4
 Sticky Flame             Conj/Fire      0%         2d3       100%        4
 Agony                    Necr           0%         N/A       100%        5
 Manifold Assault         Tloc           0%         N/A       100%        5
 Silence                  Hex/Air        0%         N/A       100%        5
 Dispersal                Tloc           0%         N/A       100%        6
 Enfeeble                 Hex            0%         N/A       100%        7
 Disjunction              Tloc           0%         N/A       100%        8
 Tukima's Dance           Hex            Unusable   N/A       N/A         3
 Summon Ice Beast         Ice/Summ       Unusable   N/A       N/A         4

Dungeon Overview and Level Annotations

Branches:
Dungeon (10/15)            Temple (1/1) D:4           Sewer (visited)
   Lair: D:8-11         Orc: D:9-12

Altars:
Ashenzari
Cheibriados
Dithmenos
Elyvilon
Fedhas
Gozag
Hepliaklqana
Kikubaaqudgha
Okawaru
Qazlal
Ru
Sif Muna
Trog
Uskayaw
Vehumet
Wu Jian
Xom
Zin
The Shining One
Beogh

Annotations:
D:10 Harold


Innate Abilities, Weirdness & Mutations

You have a pair of horns on your head.
You reflexively headbutt those who attack you in melee.


Message History

You closely miss the killer bee.
The killer bee is almost dead.
You feel sick.
The killer bee stings you but does no damage.
You hit the killer bee.
You kill the killer bee!
Okawaru accepts your kill.
You feel sick. The killer bee barely misses you.
You hit the killer bee. Your headbutt misses the killer bee.
The killer bee is moderately wounded.
You feel sick. The killer bee closely misses you. You furiously retaliate!
You headbutt the killer bee! You block the killer bee's attack.
You hit the killer bee.
You kill the killer bee!
Okawaru accepts your kill.
You feel sick.
The killer bee stings you but does no damage.
You barely miss the killer bee.
You feel sick. You block the killer bee's attack.
You slash the killer bee!
The killer bee is almost dead.
You feel sick.
The killer bee stings you but does no damage.
You hit Harold but do no damage.
You feel sick.
You hit Harold.
Harold is lightly wounded.
Harold zaps a wand.
The bolt of acid hits you!!
* * * LOW HITPOINT WARNING * * *
The now-empty wand crumbles to dust.
You hit Harold. Your headbutt misses Harold.
Harold is moderately wounded.
You feel sick.
You are no longer poisoned.
You barely miss Harold.
Harold is moderately wounded.
You block Harold's attack.
You slash Harold! Your headbutt misses Harold.
Harold is moderately wounded.
Harold hits you with a +2 vorpal dire flail!!
You die...

####### #######
......:### #.....# ##
.....y...# #.....# #.
......y#y# #.....# #.
...y...#@# #.....# #.
......@#@# #.....# #.
.......#.###.....# #.
....y..#...#.....# ####.
.......###.'.....####..'.
$/..... ###.....'....##.
#..)..#######. #.!...# #.
#.....# ## ###+###


You could see Harold and a killer bee.

Vanquished Creatures
  A two-headed ogre (D:9)
  A centaur zombie (D:10)
  Joseph (D:8)
  Maggie (D:8)
  2 trolls
  A wyvern (D:9)
  6 yaks (D:9)
  Eustachio (D:4)
  Menkaure (D:4)
  2 water moccasins
  3 orc warriors
  2 ice beasts
  A sky beast (D:7)
  2 necrophages
  2 black bears
  3 centaurs
  4 bullfrogs
  A gnoll sergeant (D:5)
  5 scorpions
  13 killer bees
  10 wights
  3 jellies
  A bullfrog zombie (D:5)
  6 orc priests
  2 centaur skeletons
  2 iguanas
  6 orc wizards
  A hound zombie (D:5)
  2 hound skeletons
  A howler monkey zombie (D:10)
  7 gnolls
  2 howler monkey skeletons
  6 river rats
  13 adders
  2 white imps
  An adder skeleton (D:5)
  5 worms (Sewer)
  6 dart slugs
  24 orcs
  7 endoplasms
  7 giant cockroaches
  5 goblins
  5 hobgoblins
  3 jackals (Sewer)
  5 kobolds
  6 quokkas
  11 ball pythons
  12 bats
  5 frilled lizards
  7 rats
226 creatures vanquished.

Notes
Turn   | Place    | Note
-------+----------+-------------------------------------------
     0 | D:1      | Peloso the Minotaur Fighter began the quest for the Orb.
     0 | D:1      | Reached XP level 1. HP: 19/19 MP: 0/0
   395 | D:1      | Reached XP level 2. HP: 19/27 MP: 1/1
   990 | D:2      | Reached XP level 3. HP: 33/33 MP: 2/2
  1027 | D:2      | Found a faded altar of an unknown god.
  1785 | D:3      | Identified the +0 leather armour of the Eagle {rPois}
  1826 | D:3      | Reached XP level 4. HP: 41/41 MP: 3/3
  1897 | D:3      | Reached skill level 1 in Dodging
  2029 | D:3      | Reached skill level 3 in Long Blades
  2090 | D:3      | Found a glowing drain.
  2095 | D:3      | Reached skill level 5 in Fighting
  2098 | Sewer    | Entered a sewer
  2484 | Sewer    | Reached XP level 5. HP: 35/48 MP: 4/4
  3061 | Sewer    | Reached skill level 5 in Armour
  3752 | D:3      | Reached skill level 4 in Long Blades
  3909 | D:4      | Noticed a necrophage
  3917 | D:4      | Killed a necrophage
  3918 | D:4      | Reached XP level 6. HP: 54/56 MP: 5/5
  4032 | D:4      | Found a staircase to the Ecumenical Temple.
  4066 | D:4      | Reached skill level 5 in Shields
  4068 | D:4      | Noticed Menkaure
  4081 | D:4      | Killed Menkaure
  4082 | D:4      | Reached XP level 7. HP: 15/61 MP: 6/6
  4342 | D:4      | Reached skill level 5 in Long Blades
  4445 | Temple   | Entered the Ecumenical Temple
  4464 | Temple   | Became a worshipper of Warmaster Okawaru
  4556 | D:4      | Noticed Eustachio
  4579 | D:4      | Killed Eustachio
  5276 | D:4      | Reached skill level 6 in Long Blades
  5445 | D:5      | Entered Level 5 of the Dungeon
  5507 | D:5      | Reached * piety under Okawaru
  5508 | D:5      | Reached XP level 8. HP: 47/70 MP: 7/7
  5685 | D:5      | Reached skill level 7 in Long Blades
  5685 | D:5      | Reached skill level 1 in Stealth
  5691 | D:5      | Found an ancient bone altar of Kikubaaqudgha.
  6955 | D:6      | Reached skill level 8 in Long Blades
  6972 | D:6      | Reached ** piety under Okawaru
  7072 | D:6      | Reached XP level 9. HP: 56/78 MP: 8/8
  7759 | D:7      | You fall into a shaft and drop 3 floors!
  7759 | D:10     | Entered Level 10 of the Dungeon
  7862 | D:9      | Reached skill level 9 in Long Blades
  8606 | D:7      | Reached *** piety under Okawaru
  9047 | D:8      | Reached skill level 1 in Invocations
  9130 | D:8      | Noticed a troll
  9135 | D:8      | Noticed Joseph
  9158 | D:8      | Reached skill level 10 in Long Blades
  9167 | D:8      | Killed Joseph
  9172 | D:8      | Killed a troll
  9172 | D:8      | Reached **** piety under Okawaru
  9173 | D:8      | Reached skill level 5 in Dodging
  9587 | D:8      | Reached XP level 10. HP: 86/88 MP: 9/9
  9681 | D:8      | Noticed Maggie
  9691 | D:8      | Killed Maggie
  9921 | D:9      | Noticed a two-headed ogre
  9928 | D:9      | Reached skill level 11 in Long Blades
  9939 | D:9      | Killed a two-headed ogre
 10782 | D:9      | Reached skill level 12 in Long Blades
 11032 | D:10     | Reached ***** piety under Okawaru
 11157 | D:10     | Noticed Harold
 11191 | D:10     | Slain by Harold

Illustrated notes

Levels and vault maps discovered:
D:1:      psy_arrival_terrarium, layout_basic, grunt_decor_arrowhead,
          minmay_misc_feat_diagonals, nrook_mini_backslash, minmay_pentomino_s4
D:2:      layout_loops_ring, hellmonk_ecumenical_altar_pennies_from_heaven
D:3:      layout_rooms, gup_sewer_entry_spiral
D:4:      layout_loops_corners, minmay_temple_entry_statues_pillars,
          uniq_menkaure, uniq_eustachio
D:5:      layout_basic, kiku_gazebo_pond_becter, mrwooster_statue_mirror
D:6:      layout_rooms
D:7:      layout_loops_ring
D:8:      layout_basic, david_defended_altar_orc, uniq_maggie, uniq_joseph
D:9:      layout_loops_ring
D:10:     layout_roguey, orc_david_3, chequers_mini_garden, uniq_erolcha,
          uniq_harold
Temple:   dpeg_three_leaves_temple

Skill      XL: |  1  2  3  4  5  6  7  8  9 10 |
---------------+-------------------------------+-----
Armour         | 4 5 6 8 9 |  9.0
Fighting       | 4 5 6 8 9 |  9.4
Shields        | 4 5 6 7 |  7.9
Dodging        | 1 2 3 5 6 |  6.3
Long Blades    | 3 4 6 8 10 12 | 12.4
Stealth        | 1 |  1.8
Invocations    | 1 |  1.6

Action                   |  1- 3 |  4- 6 |  7- 9 | 10-12 || total
-------------------------+-------+-------+-------+-------++-------
Melee: Long sword        |    84 |   199 |   324 |   138 ||   745
       Headbutt          |    13 |    22 |    76 |    24 ||   135
       Falchion          |       |       |    19 |       ||    19
Invok: Heroism           |       |       |     3 |     2 ||     5
  Use: Potion            |     2 |     2 |       |       ||     4
       Scroll            |       |     2 |       |     9 ||    11
Armor: Scale mail        |    46 |    94 |    21 |       ||   161
       Plate armour      |       |       |    58 |       ||    58
       Quicksilver drago |       |       |    88 |    38 ||   126
Dodge: Dodged            |    44 |   116 |   156 |    74 ||   390
Block: Buckler           |    18 |    86 |   106 |    34 ||   244
